 Dungeon Crawl Stone Soup version 0.31-a0-221-gbddc013574 (webtiles) character file.

Game seed: 11077192927812775855

51 qw the Shooter (level 3, -15/29 HPs)
             Began as a Minotaur Hexslinger on July 3, 2023.
             Blown up by Ijyb (17 damage)
             ... with a mindburst bolt
             ... on level 3 of the Dungeon.
             The game lasted 00:00:19 (1150 turns).

qw the Shooter (Minotaur Hexslinger)                Turns: 1150, Time: 00:00:19

Health: -15/29     AC:  3    Str: 12    XL:     3   Next: 58%
Magic:  3/3        EV: 12    Int: 10    God:
Gold:   179        SH:  0    Dex: 14    Spells: 3/4 levels left

rFire   . . .        Y - +1 sling
rCold   . . .        (no shield)
rNeg    . . .        d - +0 leather armour
rPois   .            (helmet restricted)
rElec   .            (no cloak)
rCorr   .            (no gloves)
SInv    .            (no boots)
Will    .....        (no amulet)
Stlth   +            (no ring)
HPRegen 0.24/turn    (no ring)
MPRegen 0.08/turn

%: no passive effects
@: no status effects
A: horns 2, retaliatory headbutt
a: no special abilities


You were on level 3 of the Dungeon.
You visited 1 branch of the dungeon, and saw 3 of its levels.

You collected 179 gold pieces.


Innate Abilities, Weirdness & Mutations

You have a pair of horns on your head.
You reflexively headbutt those who attack you in melee.


   Skills:
 - Level 2.1 Fighting
 + Level 4.1 Ranged Weapons
 - Level 2.1 Dodging
 - Level 1.0 Spellcasting
 - Level 2.0 Hexes


You had 3 spell levels left.
You knew the following spells:

 Your Spells              Type           Power      Damage    Failure   Level
a - Slow                  Hex            16%        N/A       19%         1

Your spell library contained the following spells:

 Spells                   Type           Power      Damage    Failure   Level
 Inner Flame              Hex/Fire       2%         N/A       65%         3
 Portal Projectile        Hex/Tloc       4%         N/A       65%         3
 Cause Fear               Hex            2%         N/A       88%         4

Inventory:

Hand Weapons
 Y - a +1 sling (weapon)
Armour
 d - a +0 leather armour (worn)
Scrolls
 a - a scroll of teleportation {unknown}
Potions
 e - a potion of might
 g - a potion of heal wounds {unknown}
 h - a potion of ambrosia {unknown}

Dungeon Overview and Level Annotations

Branches:
Dungeon (3/15)

Altars:

Annotations:
D:3 Ijyb, Sigmund


Message History

The orc is severely wounded.
The orc completely misses you.
You shoot a sling bullet. The sling bullet hits the orc.
You kill the orc!
The jackal closely misses you.
You shoot a sling bullet. The sling bullet hits the jackal.
You kill the jackal!
You start resting.
HP restored.
Things that are here:
a +0 whip; a +0 chain mail; a jackal corpse Ijyb, Sigmund and a jackal come into view.
Ijyb is wielding a +0 dagger and carrying a wand of mindburst (17).
Sigmund is wielding a +1 scythe of flaming.
Found a book of Dreams.
Ijyb shouts!
A jackal comes into view.
You shoot a sling bullet. The jackal barks! x2
The sling bullet hits Ijyb but does no damage.
A rat comes into view.
Sigmund screams, "You will never...
NEVER!!!"
You shoot a sling bullet. The sling bullet barely misses Ijyb.
The sling bullet hits the jackal.
The jackal is severely wounded.
Ijyb drinks a potion.
Ijyb seems to grow stronger.
You shoot a sling bullet.
The sling bullet hits Ijyb but does no damage.
Ijyb hits you with a +0 dagger! The jackal misses you.
You shoot a sling bullet. The sling bullet hits the jackal.
You kill the jackal!
Ijyb hits you with a +0 dagger!
You shoot a sling bullet. The sling bullet hits Ijyb.
Ijyb is lightly wounded.
Ijyb zaps a wand.
Your mind is blasted!
The jackal pauses to sniff the ground.
The jackal misses you. You furiously retaliate!
You headbutt the jackal!
You kill the jackal!
Ijyb zaps a wand.
Your mind is blasted!
Ouch! That really hurt!
You die...

####'#### #.......#
#.....).# #.......#
#.......# #...[...####
#.......)..###
##########...#########
###..@%......
####g...... .......
..r.... :....## .....#
.....# ......


You could see Ijyb (strong) and a rat.

Vanquished Creatures
  3 adders (D:2)
  A worm (D:2)
  An orc (D:3)
  2 goblins
  2 hobgoblins (D:1)
  6 jackals
  A ball python (D:1)
  2 bats (D:2)
  A frilled lizard (D:1)
  2 kobolds (D:1)
  A rat (D:3)
22 creatures vanquished.

Notes
Turn   | Place    | Note
-------+----------+-------------------------------------------
     0 | D:1      | qw the Minotaur Hexslinger began the quest for the Orb.
     0 | D:1      | Reached XP level 1. HP: 16/16 MP: 1/1
     0 | D:1      | 0 ||| qw: Version: 0.3-a-40-ge99b1a8
     0 | D:1      | 0 ||| qw: Game counter: 548
     0 | D:1      | 0 ||| qw: Melee chars always use a shield: true
     0 | D:1      | 0 ||| qw: God list: Okawaru
     0 | D:1      | 0 ||| qw: Allow faded altars: false
     0 | D:1      | 0 ||| qw: Do Orc after clearing Dungeon:15 true
     0 | D:1      | 0 ||| qw: Do second Lair branch before Depths: true
     0 | D:1      | 0 ||| qw: Lair rune preference: random
     0 | D:1      | 0 ||| qw: Goals: Normal
     0 | D:1      | 0 ||| PLANNING D:1-11
   239 | D:1      | Found a faded altar of an unknown god.
   475 | D:1      | 475 ||| UPGRADING to +0 leather armour.
   485 | D:1      | 485 ||| DROPPING +0 robe.
   486 | D:1      | 486 ||| READING scroll labelled FIOHIWK YDUAMN.
   487 | D:1      | 487 ||| DROPPING scroll of poison.
   504 | D:2      | Reached skill level 3 in Ranged Weapons
   504 | D:2      | Reached XP level 2. HP: 23/23 MP: 2/2
   682 | D:2      | HP: 3/24 [worm (5)]
   780 | D:2      | Reached XP level 3. HP: 29/29 MP: 3/3
  1064 | D:2      | 1064 ||| READING scroll labelled HYHOIG XOQONAG.
  1090 | D:3      | Reached skill level 4 in Ranged Weapons
  1145 | D:3      | Noticed Ijyb
  1145 | D:3      | Noticed Sigmund
  1150 | D:3      | HP: 2/29 [disintegration (12)]
  1150 | D:3      | Blown up by Ijyb

Levels and vault maps discovered:
D:1:      saegor_arrival_simple_c, layout_rooms,
          ebering_ecumenical_altar_abandoned
D:2:      layout_rooms, nicolae_figureground_sparkle
D:3:      layout_basic, grunt_ministairs_5, uniq_ijyb, uniq_sigmund

Skill      XL: |  1  2  3 |
---------------+----------+-----
Ranged Weapons | 3 4 |  4.1
Fighting       | 2 |  2.1
Dodging        | |  2.1
Spellcasting   | |  1.0
Hexes          | |  2.0

Action                     || total
---------------------------++-------
   Fire: Sling             ||    70
    Use: Scroll            ||     2
 Armour: Leather armour    ||     6
  Dodge: Dodged            ||    22

Table legend:
 A = Non-vault XP
 B = Vault XP
 C = Vault XP percentage of total XP
 D = Non-vault monster count
 E = Vault monster count
 F = Vault count percentage of total count
                 A         B        C        D         E       F
            +---------+---------+-------+---------+---------+-------
      Total |      76 |       0 |   0.0 |      22 |       0 |   0.0
            +---------+---------+-------+---------+---------+-------
        D:1 |      10 |       0 |   0.0 |       7 |       0 |   0.0
        D:2 |      56 |       0 |   0.0 |      10 |       0 |   0.0
        D:3 |      10 |       0 |   0.0 |       5 |       0 |   0.0
            +---------+---------+-------+---------+---------+-------
